 Dungeon Crawl Stone Soup version 0.32-a0-705-g60f233581c (webtiles) character file.

Game seed: 9549209776917744881

195 Sabo the Charlatan (level 5, -1/38 HPs)
             Began as a Coglin Artificer on Mar 14, 2024.
             Was an Initiate of Gozag.
             Slain by a small abomination (16 damage)
             ... on level 4 of the Dungeon on Mar 15, 2024.
             The game lasted 00:19:45 (4332 turns).

Sabo the Charlatan (Coglin Artificer)               Turns: 4332, Time: 00:19:47

Health: -1/38      AC: 10    Str: 15    XL:     5   Next: 74%
Magic:  5/5        EV:  6    Int: 10    God:    Gozag
Gold:   153        SH:  0    Dex: 14    Spells: 4/4 levels left

rFire   + . .        f - +2 broad axe {Agam}
rCold   + . .        m - +2 whip (venom) {Bor}
rNeg    . . .        x - +0 chain mail
rPois   .            (no helmet)
rElec   .            r - scarf {rC+ rF+}
rCorr   .            w - +0 pair of gloves
SInv    .            (no boots)
Will    .....        (amulet unavailable) Stlth
                     (ring unavailable)
HPRegen 0.26/turn    (ring unavailable)
MPRegen 0.09/turn    (no gizmo)

%: no passive effects
@: revved
A: off-hand wielding, slow wielding, warmup strikes, no jewellery
a: Invent Gizmo, Renounce Religion, Potion Petition, Call Merchant, Bribe Branch


You were on level 4 of the Dungeon.
You worshipped Gozag.
Gozag was aware of your devotion.
You visited 1 branch of the dungeon, and saw 4 of its levels.

You collected 203 gold pieces.
You paid 50 gold pieces to Gozag.

Inventory:

Hand Weapons
 f - a +2 broad axe (weapon) {Agam}
 m - a +2 whip of venom (offhand) {Bor}
Missiles
 t - 2 boomerangs
 B - 3 poisoned darts
Armour
 k - a +2 buckler
 r - a scarf of resistance (worn)
 w - a +0 pair of gloves (worn)
 x - a +0 chain mail (worn)
Wands
 c - a wand of flame (22) (quivered)
 d - a wand of charming (15)
 e - a wand of iceblast (5)
 y - a wand of light (10)
Scrolls
 a - a scroll of fog
 b - 4 scrolls of teleportation {unknown}
 o - a scroll of amnesia {unknown}
 s - a scroll of enchant armour {unknown}
Potions
 g - a potion of haste {unknown}
 h - a potion of heal wounds {unknown}
 i - 2 potions of brilliance {unknown}
 j - a potion of berserk rage {unknown}
 n - a potion of curing {unknown}
 p - a potion of degeneration {unknown}
 q - 2 potions of lignification {unknown}
 u - a potion of enlightenment {unknown}
 v - a potion of mutation {unknown}
 z - a potion of resistance {unknown}
 A - a potion of invisibility {unknown}


   Skills:
 + Level 1.7 Fighting
 + Level 1.0 Short Blades
 + Level 2.4 Maces & Flails
 + Level 3.0 Armour
 + Level 1.1 Dodging
 + Level 1.0 Stealth
 + Level 5.1 Evocations


You had 4 spell levels left.
You didn't know any spells.
Your spell library was empty.

Dungeon Overview and Level Annotations

Branches:
Dungeon (4/15)
 Temple: D:4-7

Altars:
Gozag
Vehumet
Yredelemnul

Portals:
Abyss: D:4

Annotations:
D:4 1 transporter, IdlyInterested's ghost, amateur DsGl


Innate Abilities, Weirdness & Mutations

You can wield a second weapon in your off-hand.
It takes a long time for you to wield or remove held weapons.
Your first few attacks do less damage.
You cannot equip rings or amulets.


Message History

You barely miss IdlyInterested's ghost with your +2 broad axe.
You hit the small abomination but do no damage.
You hit IdlyInterested's ghost with your +2 whip of venom.
The small abomination barely misses you.
IdlyInterested's ghost hits you but does no damage.
The small abomination hits you but does no damage.
You closely miss IdlyInterested's ghost with your +2 broad axe.
IdlyInterested's ghost is lightly damaged.
You hit the small abomination with your +2 broad axe.
You barely miss IdlyInterested's ghost with your +2 whip of venom.
IdlyInterested's ghost hits you but does no damage.
The small abomination hits you. IdlyInterested's ghost hits you.
You hit IdlyInterested's ghost but do no damage.
You slash IdlyInterested's ghost with your +2 broad axe!
You hit the small abomination but do no damage.
The small abomination hits you.
IdlyInterested's ghost hits you but does no damage.
The small abomination hits you but does no damage.
You closely miss IdlyInterested's ghost with your +2 whip of venom.
IdlyInterested's ghost is moderately damaged.
You closely miss IdlyInterested's ghost with your +2 broad axe.
You hit the small abomination but do no damage.
The small abomination barely misses you.
IdlyInterested's ghost hits you but does no damage.
You hit IdlyInterested's ghost but do no damage.
IdlyInterested's ghost is moderately damaged.
You closely miss IdlyInterested's ghost with your +2 broad axe.
You hit the small abomination with your +2 broad axe.
The small abomination hits you!
IdlyInterested's ghost hits you but does no damage.
The small abomination barely misses you.
IdlyInterested's ghost hits you.
The kobold shouts!
You hit IdlyInterested's ghost but do no damage.
IdlyInterested's ghost is moderately damaged.
You slash the small abomination with your +2 broad axe!
You closely miss IdlyInterested's ghost with your +2 whip of venom.
The small abomination hits you!
You die...
Your body crumbles into a pile of gold.

...# ##.............. ##.# ...#
#.............. #..# ..##
###..##..###...#.#####..## .<#
##...#....................## ..##
#>..##.....................#
...##..####=......##.............
......## #..[...####....###.....
.....## #...####..##..##W#.....
#...## #..##W@x# x#..##.#.....
#....# #..#.#....##..##.##....
##...# #..##.^.###...##∩.#....
#...### #...##..# ...##...#....
#..[..####...###.# # ##....
##...........##.#.. #.###.....
#....######..#x.#Kx #.#©......
..#..# #..##..##....^.##......
###.## #...##..#.....#?##.....


You could see 2 small abominations, IdlyInterested's ghost and a kobold.

Vanquished Creatures
  A bombardier beetle (D:2)
  8 adders
  2 ribbon worms
  A dart slug (D:2)
  An orc (D:3)
  9 ball pythons
  6 bats
  10 endoplasms
  5 giant cockroaches
  9 hobgoblins
  3 quokkas
  5 frilled lizards
  9 goblins
  4 kobolds
  6 rats
79 creatures vanquished.

Notes
Turn   | Place    | Note
-------+----------+-------------------------------------------
     0 | D:1      | Sabo the Coglin Artificer began the quest for the Orb.
     0 | D:1      | Reached XP level 1. HP: 15/15 MP: 1/1
   124 | D:1      | Reached XP level 2. HP: 19/21 MP: 2/2
   734 | D:1      | Reached skill level 5 in Evocations
   885 | D:1      | Reached XP level 3. HP: 26/26 MP: 3/3
  1677 | D:2      | Reached skill level 1 in Stealth
  1682 | D:2      | Reached XP level 4. HP: 28/32 MP: 4/4
  1694 | D:2      | Reached skill level 1 in Maces & Flails
  1784 | D:2      | Reached skill level 1 in Dodging
  2041 | D:2      | Reached skill level 1 in Short Blades
  2041 | D:2      | Reached XP level 5. HP: 18/37 MP: 5/5
  3597 | D:4      | Found an opulent altar of Gozag.
  3632 | D:4      | Became a worshipper of Gozag Ym Sagoz the Greedy
  3934 | D:4      | Found a basalt altar of Yredelemnul.
  3934 | D:4      | Found a radiant altar of Vehumet.
  3987 | D:4      | Noticed a small abomination
  4007 | D:4      | Noticed a small abomination
  4019 | D:4      | Found a transporter.
  4057 | D:4      | Found a transporter.
  4057 | D:4      | Found a one-way gate to the infinite horrors of the Abyss.
  4057 | D:4      | Noticed IdlyInterested's ghost (amateur DsGl)
  4332 | D:4      | Slain by a small abomination

Illustrated notes

Levels and vault maps discovered:
D:1:      dpeg_arrival_water_temple_mockup, layout_basic,
          hangedman_feature_mirror, nicolae_figureground_pulse
D:2:      layout_loops_ring, minmay_distorted
D:3:      layout_loops_cross, grunt_ministairs_2
D:4:      layout_cave_pods, gammafunk_temple_overflow_elements, kennysheep_mini,
          gammafunk_ghost_abyssal_escape

Skill      XL: |  1  2  3  4  5 |
---------------+----------------+-----
Armour         | 2 3 |  3.0
Evocations     | 5 |  5.1
Stealth        | 1 |  1.0
Maces & Flails | 1 2 |  2.4
Dodging        | 1 |  1.1
Short Blades   | 1 |  1.0
Fighting       | |  1.7

Action                     |  1- 3 |  4- 6 || total
---------------------------+-------+-------++-------
  Melee: Mace              |    70 |    31 ||   101
         Short sword       |    65 |       ||    65
         Dagger            |     3 |       ||     3
         Whip              |     6 |    74 ||    80
         Broad axe         |       |    35 ||    35
    Use: Scroll            |       |     5 ||     5
   Stab: Sleeping          |     2 |       ||     2
 Armour: Leather armour    |    26 |       ||    26
         Ring mail         |    49 |    48 ||    97
         Chain mail        |       |    27 ||    27
  Dodge: Dodged            |    36 |    45 ||    81

Table legend: (Time is in decaauts)
 A = Elapsed time spent in this place.
 B = Non-inter-level travel time spent in this place.
 C = Inter-level travel time spent in this place.
 D = Time resting spent in this place.
 E = Time spent auto-exploring this place.
 F = Levels seen in this place.
 G = Mean time per level.
                   A        B        C        D        E       F      G
               +--------+--------+--------+--------+--------+-----+--------+
         Total |   4365 |   4365 |      0 |    725 |      0 |   4 | 1091.2 |
       Dungeon |   4365 |   4365 |      0 |    725 |      0 |   4 | 1091.2 |
               +--------+--------+--------+--------+--------+-----+--------+

Top non-repeatable levels by time:
     D:1: 1477 daAuts
     D:2: 1070 daAuts
     D:4: 1020 daAuts
     D:3: 796 daAuts
